Map: 이페머론 - 래더

Players

Trap

  • Race: Protoss Protoss
  • Spawn Location: 5:00

Hellraiser - Winner!

  • Race: Protoss Protoss
  • Spawn Location: 11:00

Event: IEM Katowice 2020

VOD

Have the link to the VOD?

Description

Time

  • Played on: Feb. 25, 2020, 10:20 a.m.
  • Length: 11:52

All games in this series

Show
View Real Time Build Order
Export as new Build Order

Trap Protoss 

Build Orders: Archon Immortal 

Get SALT Encoding   

  12  0:00  Probe  
  13  0:12  Probe  
  14  0:18  Pylon  
  14  0:24  Probe (Chrono Boost)  
  15  0:37  Probe (Chrono Boost)  
  15  0:38  Gateway  
  16  0:46  Probe (Chrono Boost)  
  16  0:49  Assimilator  
  17  0:51  Probe  
  17  0:56  Assimilator  
  18  1:03  Probe (Chrono Boost)  
  19  1:09  Gateway  
  19  1:12  Probe (Chrono Boost)  
  19  1:17  Probe (Chrono Boost)  
  21  1:26  Cybernetics Core  
  21  1:29  Probe  
  22  1:36  Pylon  
  22  1:41  Probe  
  23  1:54  Probe  
  24  2:00  Warp Gate (Chrono Boost)  
  24  2:02  Stalker x2  
  24  2:07  Pylon  
  28  2:19  Shield Battery  
  28  2:32  Stalker x2  
  32  2:53  Shield Battery  
  31  3:02  Stalker x2  
  35  3:10  Probe  
  35  3:12  Shield Battery  
  36  3:22  Probe  
  37  3:30  Nexus  
  37  3:31  Pylon  
  37  3:40  Shield Battery  
  37  3:45  Probe (Chrono Boost)  
  38  3:51  Sentry x2  
  42  3:57  Pylon  
  42  3:58  Probe (Chrono Boost)  
  43  4:05  Probe (Chrono Boost)  
  43  4:06  Shield Battery  
  43  4:08  Shield Battery  
  44  4:15  Sentry  
  44  4:16  Stalker  
  48  4:31  Probe, Robotics Facility  
  49  4:41  Stalker  
  49  4:42  Stalker  
  53  4:49  Shield Battery  
  53  4:52  Probe (Chrono Boost)  
  54  4:53  Probe (Chrono Boost)  
  55  5:01  Pylon  
  55  5:04  Probe (Chrono Boost)  
  55  5:05  Probe (Chrono Boost)  
  57  5:12  Probe (Chrono Boost)  
  57  5:13  Probe (Chrono Boost)  
  59  5:18  Probe  
  59  5:19  Probe  
  59  5:20  Observer (Chrono Boost)  
  62  5:24  Forge  
  62  5:27  Pylon, Twilight Council  
  62  5:30  Probe  
  62  5:31  Probe  
  62  5:34  Pylon  
  64  5:41  Immortal  
  68  5:47  Probe x2  
  70  5:54  Assimilator x2  
  70  5:57  Shield Battery  
  70  6:01  Protoss Ground Weapons Level 1 (Chrono Boost)  
  70  6:03  Adept x2  
  74  6:08  Probe x2  
  74  6:19  Charge  
  74  6:20  Probe x2, Pylon  
  76  6:30  Pylon  
  76  6:33  Probe x2  
  76  6:36  Immortal (Chrono Boost)  
  82  6:43  Pylon  
  82  6:49  Gateway  
  82  6:51  Gateway  
  82  6:57  Templar Archives  
  82  7:06  Gateway x2  
  82  7:12  Immortal (Chrono Boost)  
  86  7:29  Pylon  
  86  7:37  Nexus  
  85  7:39  Pylon  
  85  7:46  High Templar x4  
  85  7:50  Archon x2  
  93  7:53  Observer  
  93  7:58  Gateway  
  93  8:00  Zealot x2  
  93  8:01  Gateway  
  97  8:12  Protoss Ground Weapons Level 2 (Chrono Boost)  
  97  8:14  Pylon  
  97  8:15  Warp Prism  
  101  8:26  Observer  
  99  8:29  Probe x2  
  101  8:41  Probe x2  
  103  8:42  High Templar x2  
  103  8:43  Zealot x4  
  103  8:47  Archon  
  115  8:51  Probe  
  115  8:53  Probe x2  
  118  9:00  Stalker  
  118  9:01  Pylon  
  120  9:13  High Templar x2, Zealot  
  120  9:14  Zealot x2  
  120  9:15  Zealot x2  
  134  9:17  Archon  
  134  9:24  Pylon  
  134  9:26  Pylon, Robotics Bay  
  118  9:41  Zealot x4  
  118  9:42  Zealot x2  
  118  9:49  Immortal (Chrono Boost)  
  84  10:10  Observer  
  64  10:15  High Templar x2  
  64  10:16  Zealot x6  
  64  10:20  Archon  
  74  10:22  Disruptor (Chrono Boost), Shield Battery  
  74  10:24  Shield Battery  
  74  10:25  Probe, Assimilator  
  74  10:26  Probe x2  
  80  10:29  Assimilator  
  80  10:30  Robotics Facility  
  80  10:42  Zealot x2  
  80  10:43  Zealot x2  
  80  10:47  Zealot  
  80  10:49  Disruptor (Chrono Boost)  
  93  10:55  Zealot x2  
  97  10:57  Zealot  
  82  11:13  Disruptor (Chrono Boost)  
  82  11:16  Zealot x5  
  81  11:19  Disruptor (Chrono Boost)  
  60  11:35  High Templar x2  
  60  11:36  Zealot  
  60  11:39  Zealot  
  68  11:40  Archon  
Show
View Real Time Build Order
Export as new Build Order

Hellraiser Protoss - Winner!

Build Orders: Blink Stalkers 

Get SALT Encoding   

  12  0:00  Probe  
  13  0:12  Probe  
  14  0:17  Pylon  
  14  0:24  Probe (Chrono Boost)  
  15  0:36  Probe (Chrono Boost)  
  15  0:38  Gateway  
  16  0:43  Probe (Chrono Boost)  
  16  0:46  Assimilator  
  17  0:51  Probe  
  17  0:55  Assimilator  
  18  1:03  Probe (Chrono Boost)  
  19  1:09  Gateway  
  20  1:12  Probe (Chrono Boost)  
  20  1:17  Probe (Chrono Boost)  
  20  1:25  Cybernetics Core  
  21  1:30  Probe  
  22  1:42  Probe  
  22  1:46  Pylon  
  23  2:04  Stargate  
  23  2:05  Adept x2  
  23  2:06  Probe  
  28  2:11  Warp Gate  
  28  2:16  Pylon  
  28  2:18  Probe  
  29  2:35  Adept x2  
  35  3:00  Probe  
  33  3:06  Twilight Council  
  33  3:10  Pylon  
  33  3:23  Pylon  
  33  3:32  Probe  
  33  3:33  Gateway  
  34  3:39  Shield Battery  
  34  3:44  Blink  
  34  3:59  Stalker x2  
  39  4:06  Pylon  
  39  4:09  Nexus  
  38  4:12  Probe  
  39  4:22  Oracle (Chrono Boost)  
  39  4:25  Probe  
  43  4:37  Probe  
  44  4:41  Stalker  
  44  4:42  Stalker  
  48  4:49  Probe  
  49  4:53  Stalker  
  51  5:02  Probe  
  52  5:08  Robotics Facility  
  52  5:14  Probe (Chrono Boost)  
  54  5:21  Probe (Chrono Boost)  
  54  5:26  Probe (Chrono Boost)  
  55  5:30  Probe (Chrono Boost)  
  55  5:32  Probe (Chrono Boost), Pylon  
  55  5:35  Probe (Chrono Boost)  
  57  5:40  Probe  
  59  5:43  Forge  
  59  5:47  Probe  
  60  5:52  Probe  
  60  5:55  Assimilator  
  60  5:56  Assimilator  
  61  5:59  Probe, Robotics Bay  
  60  6:04  Probe  
  59  6:11  Probe  
  59  6:16  Probe  
  59  6:18  Protoss Ground Weapons Level 1  
  57  6:20  Stalker x2  
  57  6:21  Stalker  
  57  6:23  Probe  
  64  6:28  Probe, Shield Battery  
  64  6:29  Charge  
  65  6:36  Probe  
  69  6:47  Stalker x3  
  69  6:52  Pylon  
  75  6:55  Pylon  
  75  6:57  Colossus (Chrono Boost)  
  78  7:06  Gateway  
  78  7:15  Gateway  
  78  7:23  Gateway  
  78  7:24  Gateway  
  78  7:27  Gateway  
  76  7:38  Pylon  
  76  7:44  Pylon  
  76  7:47  Nexus  
  76  7:48  Colossus (Chrono Boost)  
  76  7:54  Extended Thermal Lance (Chrono Boost)  
  83  8:12  Templar Archives  
  82  8:14  Zealot x3  
  88  8:21  Probe x2  
  88  8:23  Photon Cannon  
  90  8:32  Colossus (Chrono Boost)  
  96  8:48  High Templar x2  
  100  8:49  Zealot  
  100  8:51  Pylon  
  100  8:52  Archon  
  102  9:04  High Templar x2  
  102  9:05  Zealot x3  
  112  9:14  Zealot  
  112  9:15  Archon  
  114  9:17  Warp Prism (Chrono Boost)  
  114  9:20  Zealot x2  
  114  9:24  Photon Cannon  
  120  9:26  Zealot  
  122  9:36  Zealot x3  
  120  9:45  Zealot x3  
  113  9:50  High Templar x2  
  115  9:58  Zealot x3  
  115  9:59  Archon  
  111  10:06  Zealot x3  
  109  10:11  Probe x2  
  109  10:13  Probe  
  102  10:19  High Templar x2  
  102  10:20  Sentry  
  108  10:23  Zealot x2  
  108  10:24  Archon  
  108  10:26  Zealot  
  114  10:31  Zealot  
  114  10:33  Observer (Chrono Boost)  
  114  10:35  Pylon  
  117  10:37  Pylon  
  117  10:44  Photon Cannon  
  117  10:53  Zealot x3, Observer  
  124  11:03  Zealot x4  
  132  11:07  Pylon  
  108  11:12  Stalker  
  108  11:16  Zealot  
  110  11:25  Stalker x4  
  118  11:31  Stalker x2  

Tags
 
Add a new tag
Caveats
  • Supply blocks, unpowered buildings, or Contaminate may cause inaccurate times.
  • Supply counts are checked every 10 seconds.